 Dungeon Crawl Stone Soup version 0.27-a0-1299-g1ab19c6527 (webtiles) character file.

Game seed: 14860357537445325211

2584 lunkers the Zephyrmancer (level 9, -5/52 HPs)
             Began as a Tengu Air Elementalist on June 16, 2021.
             Was a Follower of Vehumet.
             Slain by an eight-headed hydra (10 damage)
             ... on level 8 of the Dungeon.
             The game lasted 00:24:21 (11115 turns).

lunkers the Zephyrmancer (Tengu Air Elementalist)  Turns: 11115, Time: 00:24:21

Health: -5/52      AC:  9    Str: 16    XL:     9   Next: 58%
Magic:  2/17       EV: 14    Int: 19    God:    Vehumet [*.....]
Gold:   374        SH:  0    Dex: 14    Spells: 8/18 levels left

rFire    . . .     SeeInvis +   y - +10 war axe of Analysis {vorpal, Fragile Will+ Str+7 SInv}
rCold    . . .     Faith    .   (no shield)
rNeg     . . .     Spirit   .   L - +0 steam dragon scales
rPois    .         Reflect  .   n - +1 hat
rElec    .         Harm     .   (no cloak)
rCorr    .         Rampage  .   e - +2 pair of gloves
Will     +....                  (boots unavailable)
Stlth    ++........             (no amulet)
HPRegen  0.17/turn              (no ring)
MPRegen  0.15/turn              (no ring)

@: flying quickly and evasively, quick
A: beak, talons 3, nimble flight
a: Renounce Religion


You were on level 8 of the Dungeon.
You worshipped Vehumet.
Vehumet was aware of your devotion.
You visited 2 branches of the dungeon, and saw 9 of its levels.

You collected 374 gold pieces.

Inventory:

Hand Weapons
 p - a +1 vorpal flail
 s - a +1 dagger of draining
 x - a +1 falchion of electrocution
 y - the +10 war axe of Analysis (weapon) {vorpal, Fragile Will+ Str+7 SInv}
   (You took it off an orc on level 4 of the Dungeon)

   It inflicts extra damage upon your enemies.
   It affects your strength (+7).
   It lets you see invisible.
   It will be destroyed if unequipped.
   It increases your willpower.
Missiles
 i - a throwing net
Armour
 e - a +2 pair of gloves (worn)
 n - a +1 hat (worn)
 A - a +2 leather armour of cold resistance
 G - a +0 pair of boots
 L - +0 steam dragon scales (worn)
Jewellery
 C - an amulet of faith
Wands
 d - a wand of mindburst (13)
 q - a wand of charming (5)
 u - a wand of flame (49)
 D - a wand of digging (3)
 H - a wand of polymorph (8)
 M - a wand of acid (10)
Scrolls
 a - 3 scrolls of identify
 f - 2 scrolls of magic mapping {unknown}
 g - 3 scrolls of teleportation {unknown}
 j - a scroll of fear {unknown}
 l - a scroll of immolation {unknown}
 m - 2 scrolls of silence {unknown}
 o - 2 scrolls of holy word {unknown}
 r - a scroll of enchant armour {unknown}
 t - 2 scrolls of amnesia {unknown}
 v - 2 scrolls of blinking {unknown}
 w - 2 scrolls of vulnerability {unknown}
 F - 2 scrolls of acquirement {unknown}
 K - 2 scrolls of enchant weapon {unknown}
Potions
 b - a potion of lignification
 c - a potion of might
 h - 2 potions of mutation
 k - 2 potions of flight
 z - 2 potions of cancellation
 B - 2 potions of invisibility
 E - a potion of attraction
 I - 2 potions of curing
 J - 2 potions of degeneration {unknown}


   Skills:
 + Level 4.1 Fighting
 - Level 2.1 Dodging
 - Level 2.0 Stealth
 + Level 5.1 Spellcasting
 * Level 9.9 Conjurations
 * Level 10.6 Air Magic


You had 8 spell levels left.
You knew the following spells:

 Your Spells              Type           Power      Damage    Failure   Level
a - Airstrike             Air            22%        N/A       1%          4
b - Static Discharge      Conj/Air       43%        N/A       1%          2
c - Swiftness             Air            45%        N/A       1%          3
d - Shock                 Conj/Air       100%       1d9       1%          1

Your spell library contained the following spells:

 Spells                   Type           Power      Damage    Failure   Level
 Foxfire                  Conj/Fire      92%        2x1d8     1%          1
 Dazzling Flash           Conj/Hex       46%        N/A       4%          3
 Lightning Bolt           Conj/Air       21%        1d36      4%          5
 Corona                   Hex            4%         N/A       12%         1
 Ensorcelled Hibernation  Hex/Ice        8%         N/A       19%         2
 Slow                     Hex            4%         N/A       19%         2
 Confusing Touch          Hex            4%         N/A       36%         3
 Inner Flame              Hex/Fire       4%         N/A       36%         3
 Portal Projectile        Hex/Tloc       8%         N/A       36%         3
 Tukima's Dance           Hex            4%         N/A       36%         3
 Cause Fear               Hex            2%         N/A       77%         4
 Leda's Liquefaction      Hex/Erth       2%         N/A       77%         4


Dungeon Overview and Level Annotations

Branches:
Dungeon (8/15)             Temple (1/1) D:6
   Lair: D:8-11

Altars:
Ashenzari
Cheibriados
Dithmenos
Elyvilon
Fedhas
Gozag
Kikubaaqudgha
Makhleb
Nemelex Xobeh
Qazlal
Ru
Sif Muna
Trog
Uskayaw
Vehumet
Wu Jian
Xom
Yredelemnul
The Shining One

Shops:
D:5 *   D:7 ?

Annotations:
D:6 1 runed translucent door


Innate Abilities, Weirdness & Mutations

You have a beak for a mouth.
You have claws for feet.
Your magical nature lets you fly swiftly and evasively.


Message History

Press: ? - help, Dir - move target, f/p - eight-headed hydra
Aim: an eight-headed hydra (moderately wounded)
The air twists around and strikes the eight-headed hydra!
The eight-headed hydra is heavily wounded.
Unknown command.
Unknown command.
Aiming: Corrosive Bolt
Press: ? - help, Shift-Dir - straight line, f/p - eight-headed hydra
Aim: an eight-headed hydra (heavily wounded, 90% to hit)
The bolt of acid misses the eight-headed hydra.
Aiming: Corrosive Bolt
Press: ? - help, Shift-Dir - straight line, f/p - eight-headed hydra
Aim: an eight-headed hydra (heavily wounded, 90% to hit)
The bolt of acid hits the eight-headed hydra!
The eight-headed hydra is splashed with acid.
The eight-headed hydra is severely wounded.
The eight-headed hydra bites you but does no damage. x2
The eight-headed hydra bites you! The eight-headed hydra misses you.
The eight-headed hydra bites you! The eight-headed hydra bites you.
* * * LOW HITPOINT WARNING * * *
The eight-headed hydra bites you!
* * * LOW HITPOINT WARNING * * *
The eight-headed hydra barely misses you.
Unknown command.
Casting: Airstrike (dangerous; 1% risk of failure)
Confirm with . or Enter, or press ? or * to list all spells.
Aiming: Airstrike (dangerous; 1% risk of failure)
Press: ? - help, Dir - move target, f/p - eight-headed hydra
Aim: an eight-headed hydra (severely wounded)
The air twists around and strikes the eight-headed hydra!
The eight-headed hydra is severely wounded.
* * * LOW MAGIC WARNING * * *
The eight-headed hydra bites you.
* * * LOW HITPOINT WARNING * * *
The eight-headed hydra bites you but does no damage.
The eight-headed hydra bites you!
* * * LOW HITPOINT WARNING * * *
The eight-headed hydra bites you but does no damage.
The eight-headed hydra bites you!
You die...

#.#.# #.#.# #.#.# #.#)#
#.#.###### #.#)# .........#
######.#.# #.#.####.###
#........# #.#.##.....#
#.####.###
#.####.#.##.#.#.####.####.#
.(.....<.........[.)[)....#
#.######.##.#@#.####.######
#.######.##..D..# #.#
.........####.### #.# ####
#.######## #.# #.# #... #.#
#.# #._. #.# #.# #... #.#
#.# #### #.######.# #.8.
########........# #...


You could see an eight-headed hydra.

Vanquished Creatures
  A deep elf pyromancer (D:7)
  A steam dragon (D:7)
  A sky beast (D:7)
  2 necrophages
  An ogre (D:7)
  An orc warrior (D:6)
  A black bear (D:5)
  A bullfrog (D:6)
  A wyvern zombie (D:8)
  2 scorpions (D:7)
  A wyvern skeleton (D:6)
  6 killer bees (D:7)
  A water moccasin skeleton (D:5)
  A bullfrog zombie (D:6)
  3 centaur zombies
  5 orc priests
  A centaur skeleton (D:5)
  3 gnoll shamans
  An iguana (D:6)
  Terence (D:3)
  2 orc wizards (D:4)
  A hound skeleton (D:4)
  Robin (D:3)
  17 gnolls
  7 adders
  2 river rats (D:8)
  A shadow imp (D:3)
  3 white imps
  An ufetubus (D:5)
  A worm (D:2)
  2 dart slugs
  25 orcs
  3 ball pythons
  4 bats
  6 endoplasms
  4 giant cockroaches
  13 goblins
  10 hobgoblins
  6 jackals
  7 kobolds
  3 quokkas
  2 frilled lizards
  3 rats
159 creatures vanquished.

Vanquished Creatures (others)
  A quokka (D:7)
1 creature vanquished.

Grand Total: 160 creatures vanquished

Notes
Turn   | Place    | Note
-------+----------+-------------------------------------------
     0 | D:1      | lunkers the Tengu Air Elementalist began the quest for the
                  | Orb.
     0 | D:1      | Reached XP level 1. HP: 10/10 MP: 4/4
   258 | D:1      | Reached XP level 2. HP: 15/15 MP: 0/6
  1036 | D:2      | Found a faded altar of an unknown god.
  1056 | D:2      | Reached XP level 3. HP: 19/19 MP: 2/7
  2054 | D:2      | Learned a level 2 spell: Static Discharge
  2058 | D:2      | Learned a level 3 spell: Swiftness
  2233 | D:3      | Reached skill level 5 in Air Magic
  2510 | D:3      | Reached XP level 4. HP: 16/24 MP: 3/8
  2670 | D:3      | Noticed Terence
  2683 | D:3      | Killed Terence
  2972 | D:3      | Noticed Robin
  2986 | D:3      | Killed Robin
  2987 | D:3      | Gained mutation: Your magical nature lets you fly swiftly
                  | and evasively. [Tengu growth]
  2987 | D:3      | Reached XP level 5. HP: 25/28 MP: 1/10
  3969 | D:4      | Reached skill level 6 in Air Magic
  3993 | D:4      | Reached XP level 6. HP: 17/32 MP: 0/11
  4350 | D:4      | Reached skill level 5 in Conjurations
  4441 | D:4      | Identified the +10 war axe of Analysis {vorpal, Fragile
                  | Will+ Str+7 SInv}
  5235 | D:5      | Entered Level 5 of the Dungeon
  5348 | D:5      | Learned a level 4 spell: Airstrike
  5406 | D:5      | Found an opulent altar of Gozag.
  5411 | D:5      | Found Gozag's Platinum Reserve.
  5446 | D:5      | Noticed a black bear
  5454 | D:5      | Killed a black bear
  5455 | D:5      | Reached skill level 1 in Fighting
  5455 | D:5      | Reached skill level 7 in Air Magic
  5455 | D:5      | Reached XP level 7. HP: 37/38 MP: 5/13
  6964 | D:6      | Reached skill level 8 in Air Magic
  7089 | D:6      | Reached XP level 8. HP: 28/44 MP: 7/14
  7200 | D:6      | Found a staircase to the Ecumenical Temple.
  7329 | Temple   | Entered the Ecumenical Temple
  7570 | Temple   | Became a worshipper of Vehumet
  7895 | D:6      | Found a runed translucent door.
  8739 | D:7      | Found a white marble altar of Elyvilon.
  8773 | D:7      | Reached skill level 9 in Air Magic
  9195 | D:7      | Found a snail-covered altar of Cheibriados.
  9319 | D:7      | Reached XP level 9. HP: 35/51 MP: 1/16
  9485 | D:7      | Noticed a deep elf pyromancer
  9574 | D:7      | Killed a deep elf pyromancer
  9575 | D:7      | Reached skill level 10 in Air Magic
  9742 | D:7      | Found an ancient bone altar of Kikubaaqudgha.
  9773 | D:7      | Reached skill level 5 in Spellcasting
  9920 | D:7      | Found a broken altar of Ashenzari.
 10081 | D:7      | Found Ratec's Magic Scroll Shop.
 10852 | D:8      | Reached * piety under Vehumet
 10852 | D:8      | Offered knowledge of Foxfire by Vehumet.
 11073 | D:8      | Found an ornate altar of the Wu Jian Council.
 11080 | D:8      | Noticed an eight-headed hydra
 11115 | D:8      | Slain by an eight-headed hydra

Illustrated notes

Levels and vault maps discovered:
D:1:      onia_arrival_pentagram, layout_loops_ring, minmay_pentomino_o4
D:2:      layout_loops_ring, ebering_ecumenical_altar_box
D:3:      layout_basic, st_stairs_12, wander_ebering_terrifying_dragon_lair,
          uniq_terence, uniq_robin
D:4:      layout_basic
D:5:      layout_rooms, nicolae_gozag_zags_fifth_avenue, minivault_26
D:6:      layout_loops_corners, minmay_temple_entry_enclosed_plants,
          lightli_church_of_beogh
D:7:      layout_basic, kennysheep_mini_moat, elyvilon_altar_4,
          kiku_gazebo_garden_becter, ashenzari_altar_1, serial_shops,
          nicolae_shop_trees, minivault_5, chequers_serial_rivers_micro_d,
          guppyfry_early_elven_hall
D:8:      layout_loops_ring, lemuel_doored_altar, zin_angel,
          nicolae_wu_jian_immortal_techniques, dpeg_lair_monsters,
          minmay_misc_feat_cross, minmay_lizard_king
Temple:   nicolae_temple_figure_eight

Skill      XL: |  1  2  3  4  5  6  7  8  9 |
---------------+----------------------------+-----
Conjurations   | 2 3 4 5 7 8 9 |  9.9
Air Magic      | 5 6 7 8 9 10 | 10.6
Spellcasting   | 3 4 5 |  5.1
Fighting       | 1 2 3 4 |  4.1
Dodging        | |  2.1
Stealth        | |  2.0

Action                   |  1- 3 |  4- 6 |  7- 9 || total
-------------------------+-------+-------+-------++-------
Melee: Flail             |       |     1 |       ||     1
       Dagger            |       |     2 |       ||     2
       War axe           |       |    17 |    21 ||    38
       Kick              |       |     5 |     7 ||    12
       Peck              |       |     4 |     6 ||    10
 Cast: Shock             |    74 |    78 |     6 ||   158
       Static Discharge  |     4 |    27 |    74 ||   105
       Airstrike         |       |       |    39 ||    39
Evoke: Wand              |       |       |     2 ||     2
  Use: Scroll            |       |     5 |     3 ||     8
Armor: Robe              |     1 |     9 |       ||    10
       Leather armour    |       |     4 |    27 ||    31
       Steam dragon scal |       |       |     5 ||     5
Dodge: Dodged            |    11 |    47 |    68 ||   126

Table legend: (Time is in decaauts)
 A = Elapsed time spent in this place.
 B = Non-inter-level travel time spent in this place.
 C = Inter-level travel time spent in this place.
 D = Time resting spent in this place.
 E = Time spent auto-exploring this place.
 F = Levels seen in this place.
 G = Mean time per level.
                   A        B        C        D        E       F      G
               +--------+--------+--------+--------+--------+-----+--------+
         Total |  10705 |  10385 |    320 |   1791 |   7246 |   9 | 1189.4 |
       Dungeon |  10454 |  10184 |    270 |   1791 |   7059 |   8 | 1306.8 |
        Temple |    251 |    202 |     49 |      0 |    186 |   1 |  251.0 |
               +--------+--------+--------+--------+--------+-----+--------+

Top non-repeatable levels by time:
     D:6: 2133 daAuts
     D:7: 1821 daAuts
     D:2: 1715 daAuts
     D:4: 1296 daAuts
     D:3: 1200 daAuts
     D:1: 906 daAuts
     D:5: 864 daAuts
     D:8: 517 daAuts
  Temple: 251 daAuts
